 Dungeon Crawl Stone Soup version 0.28-a0-622-gbaef9634d7 (webtiles) character file.

Game seed: 10568319602029686605

256 Rennog the Skirmisher (level 6, 0/45 HPs)
             Began as an Octopode Fighter on Oct 8, 2021.
             Was an Initiate of Makhleb.
             Slain by a goblin (3 damage)
             ... led by Robin
             ... on level 4 of the Dungeon.
             The game lasted 00:03:08 (3598 turns).

Rennog the Skirmisher (Octopode Fighter)            Turns: 3598, Time: 00:03:08

Health: 0/45       AC:  1    Str: 16    XL:     6   Next: 15%
Magic:  6/6        EV: 14    Int: 10    God:    Makhleb [......]
Gold:   139        SH:  4    Dex: 13    Spells: 5/5 levels left

rFire   . . .      SeeInvis .   f - +1 hand axe (holy)
rCold   . . .      Faith    .   b - +0 buckler
rNeg    . . .      Spirit   .   (helmet restricted)
rPois   .          Reflect  .   (no amulet)
rElec   .          Harm     .   (no ring)
rCorr   .          Rampage  .   (no ring)
Will    .....                   (no ring)
Stlth   +++.......              (no ring)
HPRegen 0.15/turn               (no ring)
MPRegen 0.10/turn               (no ring)
                                (no ring)
                                (no ring)

@: flying
A: almost no armour, amphibious, 8 rings, camouflage 1, gelatinous body 1,
(nimble swimmer 1), tentacles
a: Renounce Religion


You were on level 4 of the Dungeon.
You worshipped Makhleb.
Makhleb was noncommittal.
You visited 1 branch of the dungeon, and saw 4 of its levels.

You collected 139 gold pieces.

Inventory:

Hand Weapons
 a - a +0 rapier
 f - a +1 hand axe of holy wrath (weapon)
Missiles
 o - 12 poisoned darts (quivered)
Armour
 b - a +0 buckler (worn)
Jewellery
 n - a ring of magical power
Wands
 q - a wand of flame (22)
 r - a wand of acid (6)
Scrolls
 d - a scroll of fear {unknown}
 e - a scroll of summoning {unknown}
 h - 4 scrolls of identify {unknown}
 i - a scroll of amnesia {unknown}
 l - a scroll of holy word {unknown}
 p - a scroll of enchant weapon {unknown}
Potions
 c - a potion of might
 g - a potion of curing {unknown}
 j - 2 potions of heal wounds {unknown}
 k - a potion of flight
 m - 2 potions of ambrosia {unknown}


   Skills:
 * Level 4.8 Fighting
 - Level 2.0 Short Blades
 * Level 4.7 Dodging
 + Level 3.4 Stealth
 - Level 3.0 Shields


You had 5 spell levels left.
You didn't know any spells.
Your spell library contained the following spells:

 Spells                   Type           Power      Damage    Failure   Level
 Portal Projectile        Hex/Tloc       0%         N/A       77%         3
 Blade Hands              Tmut           0%         N/A       100%        5
 Excruciating Wounds      Necr           0%         N/A       100%        5


Dungeon Overview and Level Annotations

Branches:
Dungeon (4/15)             Temple (0/1) D:4

Altars:
Hepliaklqana
Makhleb
Uskayaw
Vehumet

Shops:
D:2 [

Annotations:
D:4 Robin


Innate Abilities, Weirdness & Mutations

You cannot wear most types of armour.
You are amphibious.
You can wear up to eight rings at the same time.
Your skin changes colour to match your surroundings (Stealth+).
Your rubbery body absorbs attacks. (AC +1, EV +1)
((You are camouflaged near water. (Stealth+)))
You have tentacles for arms and can constrict up to eight enemies at once.


Message History

The goblin shoots a stone.
The stone misses you.
You hit the goblin but do no damage. Your grab misses the goblin.
You hit the goblin. Robin throws the goblin at you!
The goblin hits you with a +0 dagger. x2
The goblin unwields a +0 hunting sling.
The goblin wields a +0 dagger.
The goblin hits you with a +0 dagger. Robin throws the goblin at you!
You are too injured to fight recklessly!
You are too injured to fight recklessly!
Unknown command.
You are too injured to fight recklessly!
You are too injured to fight recklessly!
The goblin hits you with a +0 dagger.
* * * LOW HITPOINT WARNING * * *
You block the goblin's attack.
The hobgoblin no longer looks unusually strong.
The goblin no longer looks unusually strong. x2
Robin throws the goblin at you! The goblin hits you with a +0 dagger.
* * * LOW HITPOINT WARNING * * *
The goblin completely misses you.
You miss the goblin. You grab the goblin. You closely miss the goblin.
You hit the goblin. You constrict the goblin. The goblin completely misses you.
The goblin misses you. The goblin completely misses you.
A hobgoblin opens the door.
You slash the goblin!
You kill the goblin!
Makhleb accepts your kill.
You barely miss the goblin. You closely miss the goblin.
The goblin hits you with a +0 dagger.
* * * LOW HITPOINT WARNING * * *
The goblin misses you. The goblin hits you with a +0 dagger.
* * * LOW HITPOINT WARNING * * *
Robin says, "Feeling lonely?"
Robin throws the goblin at you!
* * * LOW HITPOINT WARNING * * *
It was a potion of flight.
You feel very buoyant.
You fly up into the air.
The hobgoblin hits you.
* * * LOW HITPOINT WARNING * * *
The goblin hits you with a +0 dagger.
You die...

.P.. #.#...### # ...
#.###...###########
##...##...###...........#
##...#........#.........##
....##..>..##....).......#
..#........#..##.........#
....###...##.###.........#
###...###.#..###..g!)...)#
........#.#....g@g...)...#
####..#......####g###)##.#
####..#..#...# ... ... #
.............# ........#
.#...........# ........#
.#.......##### ........#
.........# ........#
.........# ........#
.#####...#


You could see Robin, a hobgoblin and 2 goblins.

Vanquished Creatures
  Menkaure (D:4)
  A hound (D:4)
  A hound skeleton (D:4)
  2 adders
  An adder skeleton (D:2)
  A worm (D:2)
  2 dart slugs
  An orc (D:3)
  8 endoplasms
  2 giant cockroaches
  13 goblins
  8 hobgoblins
  3 jackals (D:2)
  4 kobolds
  3 quokkas
  4 ball pythons
  5 bats
  3 frilled lizards
  4 rats
67 creatures vanquished.

Vanquished Creatures (others)
  5 fungi (D:3)
  6 plants (D:3)
11 creatures vanquished.

Grand Total: 78 creatures vanquished

Notes
Turn   | Place    | Note
-------+----------+-------------------------------------------
     0 | D:1      | Rennog the Octopode Fighter began the quest for the Orb.
     0 | D:1      | Reached XP level 1. HP: 16/16 MP: 1/1
   200 | D:1      | Reached XP level 2. HP: 14/21 MP: 2/2
   205 | D:1      | Reached skill level 1 in Stealth
  1002 | D:2      | Reached XP level 3. HP: 17/26 MP: 3/3
  2032 | D:2      | Found Ovvynoreco's Armour Boutique.
  2388 | D:3      | Reached XP level 4. HP: 33/33 MP: 4/4
  2665 | D:3      | Found a faded altar of an unknown god.
  2779 | D:3      | Found a radiant altar of Vehumet.
  3206 | D:4      | Found a burning altar of Makhleb.
  3220 | D:4      | Reached XP level 5. HP: 9/37 MP: 5/5
  3228 | D:4      | Found a hazy altar of Hepliaklqana.
  3464 | D:4      | Became a worshipper of Makhleb the Destroyer
  3502 | D:4      | Noticed a +0 short sword
  3502 | D:4      | Noticed a +0 spear
  3502 | D:4      | Noticed a +0 short sword
  3502 | D:4      | Noticed a +0 spear
  3503 | D:4      | Noticed a +0 falchion
  3504 | D:4      | Noticed a +0 dagger
  3505 | D:4      | Noticed a +0 falchion
  3506 | D:4      | Noticed a +0 dagger
  3509 | D:4      | Found a hide-covered altar of Uskayaw.
  3522 | D:4      | Noticed Menkaure
  3552 | D:4      | Killed Menkaure
  3553 | D:4      | Reached XP level 6. HP: 44/44 MP: 6/6
  3558 | D:4      | Found a staircase to the Ecumenical Temple.
  3577 | D:4      | Noticed Robin
  3598 | D:4      | Slain by a goblin

Illustrated notes

Levels and vault maps discovered:
D:1:      minmay_arrival_split_and_join, layout_loops_cross
D:2:      layout_loops_corners, serial_shops, shop, roderic_serpentine_path
D:3:      kb_forest_paths, layout_basic, nicolae_overflow_hidden_temple,
          shapermc_ecumenical_altar_mp_urbaneastern
D:4:      layout_basic, nicolae_hepliaklqana_hazy_memory,
          nicolae_uskayaw_en_pointe, mainiacjoe_overflow_small_starburst,
          minmay_temple_entry_slanted, uniq_robin, uniq_menkaure

Skill      XL: |  1  2  3  4  5 |
---------------+----------------+-----
Stealth        | 1 2 3 |  3.4
Fighting       | 4 |  4.8
Dodging        | 4 |  4.7
Short Blades   | |  2.0
Shields        | |  3.0

Action                   |  1- 3 |  4- 6 || total
-------------------------+-------+-------++-------
Melee: Rapier            |     9 |       ||     9
       Hand axe          |    75 |    54 ||   129
       Constrict         |    22 |    14 ||    36
       Tentacles         |    12 |     6 ||    18
  Use: Potion            |       |     1 ||     1
 Stab: Sleeping          |     8 |     4 ||    12
Armor: Skin              |     6 |     5 ||    11
Dodge: Dodged            |    57 |    44 ||   101
Block: Buckler           |    14 |    12 ||    26

Table legend: (Time is in decaauts)
 A = Elapsed time spent in this place.
 B = Non-inter-level travel time spent in this place.
 C = Inter-level travel time spent in this place.
 D = Time resting spent in this place.
 E = Time spent auto-exploring this place.
 F = Levels seen in this place.
 G = Mean time per level.
                   A        B        C        D        E       F      G
               +--------+--------+--------+--------+--------+-----+--------+
         Total |   3640 |   3518 |    122 |    215 |   2810 |   4 |  910.0 |
       Dungeon |   3640 |   3518 |    122 |    215 |   2810 |   4 |  910.0 |
               +--------+--------+--------+--------+--------+-----+--------+

Top non-repeatable levels by time:
     D:2: 1292 daAuts
     D:3: 1154 daAuts
     D:1: 1004 daAuts
     D:4: 188 daAuts
